 Dungeon Crawl Stone Soup version 0.29-a0-559-g359e09b9d1 (webtiles) character file.

Game seed: 6143672969487959335

359 DocClef the Covert (level 6, -1/53 HPs)
             Began as a Gnoll Delver on June 9, 2022.
             Slain by a hound (4 damage)
             ... on level 5 of the Dungeon.
             The game lasted 00:00:48 (192 turns).

DocClef the Covert (Gnoll Delver)                    Turns: 192, Time: 00:00:49

Health: -1/53      AC:  3    Str: 11    XL:     6   Next: 65%
Magic:  9/9        EV: 13    Int: 10    God:
Gold:   8          SH:  0    Dex: 15    Spells: 9/9 levels left

rFire   . . .      SeeInvis .   a - +0 short sword
rCold   . . .      Faith    .   (no shield)
rNeg    . . .      Spirit   .   b - +0 leather armour
rPois   .          Reflect  .   (no helmet)
rElec   .          Harm     .   (no cloak)
rCorr   .          Rampage  .   (no gloves)
Will    .....                   (no boots)
Stlth   ++++......              (no amulet)
HPRegen 0.17/turn               (no ring)
MPRegen 0.11/turn               (no ring)

@: no status effects
A: fangs 1, strong nose, distributed training
a: no special abilities


You were on level 5 of the Dungeon.
You visited 1 branch of the dungeon, and saw 1 of its levels.

You collected 8 gold pieces.

Inventory:

Hand Weapons
 a - a +0 short sword (weapon)
Armour
 b - a +0 leather armour (worn)
Wands
 g - a wand of digging (3)
Scrolls
 c - a scroll of fog
 d - a scroll of identify {unknown}
 e - a scroll of fear
Potions
 f - a potion of haste


   Skills:
 + Level 6.8 Fighting
 + Level 5.0 Short Blades
 + Level 2.0 Long Blades
 + Level 2.0 Axes
 + Level 2.0 Maces & Flails
 + Level 2.0 Polearms
 + Level 2.0 Staves
 + Level 2.0 Slings
 + Level 2.0 Bows
 + Level 2.0 Crossbows
 + Level 2.0 Throwing
 + Level 2.0 Armour
 + Level 5.0 Dodging
 + Level 9.8 Stealth
 + Level 2.0 Shields
 + Level 2.0 Unarmed Combat
 + Level 2.0 Spellcasting
 + Level 1.6 Conjurations
 + Level 1.6 Hexes
 + Level 1.6 Summonings
 + Level 1.6 Necromancy
 + Level 1.6 Translocations
 + Level 1.6 Transmutations
 + Level 1.6 Fire Magic
 + Level 1.6 Ice Magic
 + Level 1.6 Air Magic
 + Level 1.6 Earth Magic
 + Level 1.6 Poison Magic
 + Level 2.2 Invocations
 + Level 2.0 Evocations


You had 9 spell levels left.
You didn't know any spells.
Your spell library was empty.

Dungeon Overview and Level Annotations

Branches:
Dungeon (5/15)
 Temple: D:4-7

Altars:


Innate Abilities, Weirdness & Mutations

You have very sharp teeth.
Your uncanny sense of smell can sniff out nearby items.
Your experience applies equally to all skills.


Message History

You feel sick. The adder bites you but does no damage.
You hit the adder but do no damage. Your bite misses the adder.
The adder is almost dead.
You feel sick. The adder bites you but does no damage.
You hit the adder.
You kill the adder!
You feel sick.
You are no longer poisoned.
The hound closely misses you.
You closely miss the hound. The hound completely misses you.
You closely miss the hound. The hound bites you.
* * * LOW HITPOINT WARNING * * *
You closely miss the hound. You bite the hound, but do no damage.
The hound bites you but does no damage. The hound closely misses you.
You hit the hound.
The hound is lightly wounded.
The hound misses you.
Unknown command.
You hit the hound. You bite the hound.
The hound is heavily wounded.
The hound bites you.
* * * LOW HITPOINT WARNING * * *
You closely miss the hound. You punch the hound.
The hound is severely wounded.
The hound barely misses you. The hound bites you but does no damage.
You hit the hound.
The hound is severely wounded.
The hound bites you.
* * * LOW HITPOINT WARNING * * *
You hit the hound.
The hound is almost dead.
The hound closely misses you.
You completely miss the hound.
The hound is almost dead.
The hound barely misses you.
Unknown command.
You hit the hound but do no damage.
The hound is almost dead.
The hound bites you.
You die...

***,,........##,≈≈≈≈≈≈*#......# #
*,,,*.........#####****#......###
,,***.............## #......##.
*** *..............# #......#..
*#.............# #......#.#
#.............# #.....#.##
##..........### #.......#
#........#h## ##.....##
##.....###@.## ###..## #######
##..### ##.## ###....### #..#
##........###.## *#.........##.##
#..........#..# *#......>.....##
#.............# #............##


You could see a hound.

Vanquished Creatures
  Grinder (D:5)
  An ice beast (D:5)
  A scorpion (D:5)
  An adder (D:5)
4 creatures vanquished.

Notes
Turn   | Place    | Note
-------+----------+-------------------------------------------
     0 | D:5      | Reached skill level 9 in Stealth
     0 | D:5      | DocClef the Gnoll Delver began the quest for the Orb.
     0 | D:5      | Reached XP level 1. HP: 23/23 MP: 1/1
    14 | D:5      | Noticed an ice beast
    21 | D:5      | Killed an ice beast
    22 | D:5      | Reached skill level 1 in Long Blades
    22 | D:5      | Reached skill level 1 in Axes
    22 | D:5      | Reached skill level 1 in Maces & Flails
    22 | D:5      | Reached skill level 1 in Polearms
    22 | D:5      | Reached skill level 1 in Staves
    22 | D:5      | Reached skill level 1 in Slings
    22 | D:5      | Reached skill level 1 in Bows
    22 | D:5      | Reached skill level 1 in Crossbows
    22 | D:5      | Reached skill level 1 in Throwing
    22 | D:5      | Reached skill level 1 in Armour
    22 | D:5      | Reached skill level 1 in Shields
    22 | D:5      | Reached skill level 1 in Unarmed Combat
    22 | D:5      | Reached skill level 1 in Spellcasting
    22 | D:5      | Reached skill level 1 in Conjurations
    22 | D:5      | Reached skill level 1 in Hexes
    22 | D:5      | Reached skill level 1 in Summonings
    22 | D:5      | Reached skill level 1 in Necromancy
    22 | D:5      | Reached skill level 1 in Translocations
    22 | D:5      | Reached skill level 1 in Transmutations
    22 | D:5      | Reached skill level 1 in Fire Magic
    22 | D:5      | Reached skill level 1 in Ice Magic
    22 | D:5      | Reached skill level 1 in Air Magic
    22 | D:5      | Reached skill level 1 in Earth Magic
    22 | D:5      | Reached skill level 1 in Poison Magic
    22 | D:5      | Reached skill level 1 in Invocations
    22 | D:5      | Reached skill level 1 in Evocations
    22 | D:5      | Reached XP level 2. HP: 29/29 MP: 1/3
    22 | D:5      | Reached XP level 3. HP: 35/35 MP: 1/4
    22 | D:5      | Reached XP level 4. HP: 41/41 MP: 1/5
    22 | D:5      | Noticed a scorpion
    30 | D:5      | Killed a scorpion
    31 | D:5      | Reached XP level 5. HP: 47/47 MP: 1/7
    43 | D:5      | Noticed Grinder
    45 | D:5      | Paralysed by Grinder for 4 turns
    59 | D:5      | Paralysed by Grinder for 4 turns
    67 | D:5      | Paralysed by Grinder for 2 turns
    72 | D:5      | Killed Grinder
    73 | D:5      | Reached skill level 5 in Short Blades
    73 | D:5      | Reached skill level 5 in Dodging
    73 | D:5      | Reached XP level 6. HP: 5/53 MP: 5/9
   192 | D:5      | Slain by a hound

Illustrated notes

Levels and vault maps discovered:
D:5:      layout_cave_pods, fedhas_altar_1, gup_sewer_entry_spiral, uniq_grinder

Skill      XL: |  1  2  3  4  5 |
---------------+----------------+-----
Stealth        | |  9.8
Long Blades    | 1 2 |  2.0
Axes           | 1 2 |  2.0
Maces & Flails | 1 2 |  2.0
Polearms       | 1 2 |  2.0
Staves         | 1 2 |  2.0
Slings         | 1 2 |  2.0
Bows           | 1 2 |  2.0
Crossbows      | 1 2 |  2.0
Throwing       | 1 2 |  2.0
Armour         | 1 2 |  2.0
Shields        | 1 2 |  2.0
Unarmed Combat | 1 2 |  2.0
Spellcasting   | 1 2 |  2.0
Conjurations   | 1 |  1.6
Hexes          | 1 |  1.6
Summonings     | 1 |  1.6
Necromancy     | 1 |  1.6
Translocations | 1 |  1.6
Transmutations | 1 |  1.6
Fire Magic     | 1 |  1.6
Ice Magic      | 1 |  1.6
Air Magic      | 1 |  1.6
Earth Magic    | 1 |  1.6
Poison Magic   | 1 |  1.6
Invocations    | 1 2 |  2.2
Evocations     | 1 2 |  2.0
Short Blades   | 5 |  5.0
Dodging        | 5 |  5.0
Fighting       | |  6.8

Action                   |  1- 3 |  4- 6 || total
-------------------------+-------+-------++-------
Melee: Short sword       |     1 |    32 ||    33
       Punch             |       |     4 ||     4
       Bite              |       |     4 ||     4
  Use: Scroll            |     1 |       ||     1
 Stab: Sleeping          |     1 |     2 ||     3
Armor: Leather armour    |       |     7 ||     7
Dodge: Dodged            |       |     9 ||     9

Table legend: (Time is in decaauts)
 A = Elapsed time spent in this place.
 B = Non-inter-level travel time spent in this place.
 C = Inter-level travel time spent in this place.
 D = Time resting spent in this place.
 E = Time spent auto-exploring this place.
 F = Levels seen in this place.
 G = Mean time per level.
                   A        B        C        D        E       F      G
               +--------+--------+--------+--------+--------+-----+--------+
         Total |    186 |    186 |      0 |     68 |      0 |   1 |  186.0 |
       Dungeon |    186 |    186 |      0 |     68 |      0 |   1 |  186.0 |
               +--------+--------+--------+--------+--------+-----+--------+

Top non-repeatable levels by time:
     D:5: 186 daAuts
